 Seeded DCSS version 0.30.1-11-g7821555f0a (webtiles) character file.

Game seed: 3677821746841223284 (custom seed)

20 Psyclone the Conjurer (level 2, 15/15 HPs)
             Began as a Deep Elf Conjurer on Nov 7, 2023.
             Quit the game on level 1 of the Dungeon.
             The game lasted 00:03:17 (895 turns).

Psyclone the Conjurer (Deep Elf Conjurer)            Turns: 895, Time: 00:03:17

Health: 15/15      AC:  2    Str:  4    XL:     2   Next: 58%
Magic:  8/8        EV: 12    Int: 22    God:
Gold:   1133       SH:  0    Dex: 13    Spells: 7/8 levels left

rFire   . . .        (no weapon)
rCold   . . .        (no shield)
rNeg    . . .        a - +0 robe
rPois   .            (helmet restricted)
rElec   .            (no cloak)
rCorr   .            (no gloves)
SInv    .            (no boots)
Will    .....        (no amulet)
Stlth   ++           (no ring)
HPRegen 0.22/turn    (no ring)
MPRegen 0.11/turn

%: no passive effects
@: no status effects
A: antennae 1
a: no special abilities


You were on level 1 of the Dungeon.
You visited 1 branch of the dungeon, and saw 1 of its levels.

You collected 1133 gold pieces.

Inventory:

Armour
 a - a +0 robe (worn)
Potions
 b - a potion of magic
 e - a potion of curing


   Skills:
 - Level 2.4 Dodging
 - Level 2.4 Stealth
 + Level 3.5 Spellcasting
 * Level 5.0 Conjurations


You had 7 spell levels left.
You knew the following spells:

 Your Spells              Type           Power      Damage    Failure   Level
a - Magic Dart            Conj           100%       1d8       1%          1

Your spell library contained the following spells:

 Spells                   Type           Power      Damage    Failure   Level
 Searing Ray              Conj           52%        2d6       2%          2
 Dazzling Flash           Conj/Hex       28%        N/A       13%         3
 Fulminant Prism          Conj/Hex       7%         3d7       38%         4
 Iskenderun's Mystic Bla  Conj/Tloc      14%        2d5       38%         4


Dungeon Overview and Level Annotations

Branches:
Dungeon (1/15) Zot: 5105

Altars:


Innate Abilities, Weirdness & Mutations

You have a pair of small antennae on your head.


Message History

Confirm with . or Enter, or press ? or * to list all spells.
Aiming: Magic Dart (safe; 1% risk of failure)
Press: ? - help, Shift-Dir - straight line, f/p - rat
Aim: a rat (moderately wounded, 100% to hit)
The magic dart hits the rat!
You kill the rat!
Casting: Magic Dart (safe; 1% risk of failure)
Confirm with . or Enter, or press ? or * to list all spells.
You can't see any susceptible monsters within range! (Use Z to cast anyway.)
You now have 6/8 mp.
Unknown command.
Casting: Magic Dart (safe; 1% risk of failure)
Confirm with . or Enter, or press ? or * to list all spells.
You can't see any susceptible monsters within range! (Use Z to cast anyway.) Unknown command.
Casting: Magic Dart (safe; 1% risk of failure)
Confirm with . or Enter, or press ? or * to list all spells.
You can't see any susceptible monsters within range! (Use Z to cast anyway.) Unknown command.
Things that are here:
a +0 club; a goblin corpse You now have 33 gold pieces (gained 9).
Done exploring.
MP restored: 8 Done exploring.
As you read the scroll labelled MASCHO FUETHU, it crumbles to dust.
You hear the flapping of tiny wings.
It was a scroll of butterflies.
This is a scroll of acquirement!
Something appears at your feet!
You now have 1133 gold pieces (gained 1100).
You swap places.
You swap places.
You swap places.
You swap places.
You swap places.
There is a faded altar of an unknown god here.
It was a potion of mutation.
You feel extremely strange. A pair of antennae grows on your head!
It was a potion of curing.
You feel better.
Unknown command.
Are you sure you want to abandon this character and quit the game? (Confirm with "yes".)

.#
#....................##
.#
#........#.#####.#....#
.#
#........#.......#.##.#
.#
#........##......#.##.#
.#
#........##......#.##.#
.#
#................#.##.#
.#
#................#.##†#
.#
#########..........##.#
.#### #....@..._....#
....# ###........####
....# #........# ....#
#........# ....#
####...#.# ....#
#.#...# ##### #.##.>#
###############.#####
#...b.bb.b....#.#


There were no monsters in sight!

Vanquished Creatures
  A dart slug (D:1)
  2 ball pythons (D:1)
  An endoplasm (D:1)
  2 giant cockroaches (D:1)
  A goblin (D:1)
  2 hobgoblins (D:1)
  3 jackals (D:1)
  A bat (D:1)
  A frilled lizard (D:1)
  A kobold (D:1)
  A rat (D:1)
16 creatures vanquished.

Notes
Turn   | Place    | Note
-------+----------+-------------------------------------------
     0 | D:1      | Psyclone the Deep Elf Conjurer began the quest for the Orb.
     0 | D:1      | Reached XP level 1. HP: 10/10 MP: 6/6
   237 | D:1      | Reached XP level 2. HP: 15/15 MP: 6/8
   365 | D:1      | Found a faded altar of an unknown god.
   718 | D:1      | Reached skill level 5 in Conjurations
   860 | D:1      | Identified a scroll of acquirement
   860 | D:1      | Acquired 1100 gold pieces
   889 | D:1      | Gained mutation: You have a pair of small antennae on your
                  | head. [potion of mutation]
   895 | D:1      | Quit the game

Illustrated notes

Levels and vault maps discovered:
D:1:      scummos_arrival_forest, layout_basic, basic_ecumenical_altar

Skill      XL: |  1  2 |
---------------+-------+-----
Conjurations   | 5 |  5.0
Dodging        | |  2.4
Stealth        | |  2.4
Spellcasting   | |  3.5

Action                     || total
---------------------------++-------
   Cast: Magic Dart        ||    29
    Use: Scroll            ||     2
         Potion            ||     2
  Dodge: Dodged            ||     2
